Map: Automaton LE

Players

Stats - Winner!

  • Race: Protoss Protoss
  • Spawn Location: 9:00

SpeCial

  • Race: Terran Terran
  • Spawn Location: 3:00

Event: IEM Season 13: Katowice (2019)

VOD

Have the link to the VOD?

Description

Time

  • Played on: Feb. 28, 2019, 5:50 a.m.
  • Length: 10:47

All games in this series

Show
View Real Time Build Order
Export as new Build Order

Stats Protoss - Winner!

Build Orders: 1 Gate Expand, Colossus Rush 

Get SALT Encoding   

  12  0:00  Probe  
  13  0:12  Probe  
  14  0:18  Pylon  
  14  0:24  Probe  
  15  0:32  Probe  
  15  0:40  Probe  
  15  0:41  Gateway  
  16  0:46  Assimilator  
  17  0:51  Probe  
  18  1:03  Probe  
  19  1:15  Probe  
  20  1:26  Nexus  
  20  1:35  Cybernetics Core  
  20  1:40  Zealot  
  22  1:47  Pylon  
  22  1:50  Probe  
  23  1:57  Assimilator  
  23  2:04  Stalker  
  23  2:05  Probe  
  24  2:13  Warp Gate  
  24  2:14  Probe  
  25  2:22  Probe  
  27  2:32  Stalker, Probe  
  27  2:34  Probe  
  30  2:42  Probe  
  30  2:44  Probe  
  33  2:52  Probe  
  33  2:56  Probe  
  35  3:01  Robotics Facility  
  35  3:04  Probe  
  36  3:08  Gateway, Probe  
  37  3:15  Gateway  
  37  3:20  Stalker  
  37  3:22  Probe  
  37  3:26  Probe  
  41  3:35  Probe, Pylon  
  41  3:38  Probe  
  43  3:45  Shield Battery  
  43  3:48  Probe  
  44  3:49  Observer  
  44  3:50  Probe  
  45  4:00  Probe  
  45  4:01  Stalker  
  45  4:02  Probe  
  49  4:03  Stalker  
  49  4:06  Pylon  
  49  4:09  Stalker  
  50  4:33  Probe x2  
  50  4:35  Assimilator  
  50  4:36  Robotics Bay  
  50  4:37  Forge  
  50  4:41  Probe x2  
  50  4:42  Assimilator  
  50  4:43  Observer  
  53  4:49  Probe x2  
  53  4:59  Probe x2  
  55  5:06  Observer  
  58  5:11  Probe x2, Nexus  
  58  5:13  Pylon  
  60  5:16  Colossus  
  60  5:19  Protoss Ground Weapons Level 1  
  60  5:27  Observer  
  60  5:35  Probe x2  
  68  5:39  Pylon  
  68  5:41  Pylon  
  68  5:44  Extended Thermal Lance  
  68  5:48  Probe x2  
  70  5:54  Colossus  
  70  6:04  Probe x2  
  72  6:09  Sentry x2  
  72  6:10  Zealot  
  83  6:15  Pylon  
  83  6:22  Probe x2  
  83  6:23  Probe  
  86  6:28  Twilight Council, Forge  
  86  6:32  Sentry  
  88  6:34  Probe x2  
  88  6:35  Probe  
  88  6:39  Colossus  
  91  6:41  Protoss Ground Armor Level 1, Gateway, Pylon  
  91  6:43  Gateway  
  91  6:46  Probe x2  
  93  6:47  Probe  
  100  7:00  Gateway, Pylon  
  100  7:04  Probe  
  100  7:05  Charge  
  100  7:06  Protoss Ground Weapons Level 2  
  101  7:12  Zealot  
  101  7:13  Zealot x2  
  107  7:23  Warp Prism  
  107  7:31  Gravitic Drive  
  107  7:33  Gateway x2  
  107  7:36  Stalker  
  107  7:37  Pylon  
  111  7:38  Stalker  
  111  7:42  Assimilator x2  
  113  7:45  Pylon  
  113  7:52  Pylon  
  113  7:55  Zealot x4  
  121  7:58  Colossus  
  127  8:09  Stalker  
  127  8:10  Stalker  
  131  8:14  Pylon  
  131  8:15  Pylon  
  131  8:17  Zealot  
  131  8:18  Zealot x2  
  137  8:24  Protoss Ground Armor Level 2  
  137  8:25  Zealot  
  137  8:26  Zealot  
  141  8:27  Zealot  
  141  8:31  Pylon  
  141  8:33  Pylon  
  143  8:43  Templar Archives  
  143  8:47  Zealot x4  
  151  8:49  Immortal  
  151  9:07  Zealot x5  
  155  9:18  Observer  
  155  9:20  High Templar  
  155  9:21  Zealot, Pylon, High Templar  
  155  9:23  Warp Prism  
  161  9:25  Archon  
  163  9:37  Zealot x3  
  167  9:41  High Templar  
  167  9:42  Zealot  
  171  9:57  Zealot x4  
  171  10:04  High Templar x3  
  177  10:12  Archon  
  177  10:13  Archon  
  169  10:17  Zealot  
  169  10:20  Zealot x4  
  105  10:37  Zealot x4  
  107  10:42  Zealot x3  
  107  10:43  Zealot  
Show
View Real Time Build Order
Export as new Build Order

SpeCial Terran 

Build Orders:  

Get SALT Encoding   

  12  0:00  SCV  
  13  0:12  SCV  
  14  0:17  Supply Depot  
  14  0:25  SCV  
  15  0:39  SCV  
  15  0:40  Barracks  
  16  0:45  Refinery  
  16  0:51  SCV  
  16  0:56  Refinery  
  17  1:03  SCV  
  18  1:15  SCV  
  19  1:27  Reaper, Orbital Command  
  20  1:32  Supply Depot  
  20  1:46  Factory  
  20  1:53  SCV  
  21  2:06  SCV  
  22  2:18  SCV  
  23  2:27  Command Center  
  23  2:30  SCV  
  23  2:32  Barracks Reactor  
  23  2:36  Starport  
  24  2:40  Widow Mine  
  24  2:42  SCV  
  27  2:53  Supply Depot  
  27  2:54  SCV  
  28  3:04  Widow Mine  
  30  3:07  SCV  
  31  3:15  Medivac, Marine x2  
  35  3:22  SCV  
  36  3:27  Widow Mine  
  36  3:32  Marine  
  39  3:39  Orbital Command, SCV, Marine  
  41  3:48  Starport Tech Lab  
  41  3:50  Factory Tech Lab, Marine  
  41  3:51  SCV  
  43  3:57  Marine  
  44  4:06  Command Center  
  44  4:10  Banshee  
  44  4:16  SCV  
  48  4:20  Siege Tank  
  51  4:26  Orbital Command  
  51  4:28  Marine  
  51  4:29  Marine  
  51  4:30  SCV  
  48  4:42  SCV  
  49  4:46  Marine  
  49  4:47  Barracks, Marine  
  49  4:48  Barracks  
  51  4:59  Raven  
  51  5:01  SCV x2  
  51  5:04  Marine  
  54  5:08  Supply Depot  
  54  5:18  SCV x2  
  54  5:19  Orbital Command, Marine  
  57  5:21  Marine  
  55  5:30  SCV x2  
  57  5:37  Marine  
  57  5:39  Marine  
  57  5:42  SCV x2  
  60  5:43  Engineering Bay  
  60  5:46  SCV  
  60  5:48  Stimpack, Marine  
  62  5:50  Starport Reactor  
  62  5:53  Marine  
  62  5:54  SCV x2  
  65  5:58  Refinery x2, SCV, Supply Depot  
  65  5:59  Marine x2  
  68  6:05  Orbital Command  
  68  6:10  Terran Infantry Weapons Level 1  
  68  6:11  SCV x2  
  70  6:18  Marine x2  
  72  6:19  Marauder x2  
  72  6:20  Combat Shield, Factory Reactor  
  72  6:23  SCV x2  
  78  6:26  Supply Depot  
  78  6:28  Medivac  
  81  6:32  SCV  
  81  6:34  Medivac  
  81  6:35  SCV x2  
  81  6:39  Supply Depot  
  85  6:47  Marine x2  
  85  6:48  SCV x2  
  85  6:50  Supply Depot  
  85  6:51  Barracks x2, SCV  
  89  6:57  Marauder  
  89  7:00  Marauder  
  89  7:01  SCV  
  94  7:03  Starport  
  94  7:05  Marine x2  
  97  7:08  SCV x2  
  97  7:09  Factory Reactor  
  97  7:12  Medivac x2  
  97  7:13  SCV  
  101  7:26  Marine x2  
  101  7:27  Marauder x2  
  107  7:32  SCV x2  
  107  7:33  Supply Depot  
  107  7:34  Refinery  
  107  7:37  SCV, Supply Depot  
  109  7:41  Barracks Tech Lab  
  109  7:42  Viking x2  
  114  7:44  SCV x2  
  116  7:56  Ghost Academy  
  116  8:01  Viking x2, Marine x4  
  116  8:04  Marauder x3  
  130  8:08  Supply Depot  
  130  8:11  SCV x3  
  130  8:12  Supply Depot  
  132  8:26  Marine  
  133  8:30  Supply Depot, Viking x2, Marine x3  
  133  8:33  Ghost x3  
  146  8:39  Supply Depot  
  146  8:41  Concussive Shells  
  146  8:44  Marine  
  146  8:45  Supply Depot  
  146  8:46  Supply Depot  
  146  8:48  Marine x2  
  149  8:52  Viking x2  
  145  9:04  Marauder, Marine  
  148  9:11  Viking x2  
  148  9:12  Marauder, Marine x4  
  158  9:17  Supply Depot  
  158  9:21  Marine  
  159  9:26  Marauder  
  159  9:29  Marine x2  
  159  9:30  Marauder, Marine  
  166  9:32  Viking  
  168  9:39  Viking  
  168  9:41  Marine x2  
  168  10:02  Viking x2  
  168  10:06  Marauder, Marine x2  
  161  10:15  Marine  
  161  10:16  Marauder  
  161  10:18  Marauder, Marine  
  122  10:23  Marine  
  122  10:24  Marine  

Tags
 
Add a new tag
Caveats
  • Supply blocks, unpowered buildings, or Contaminate may cause inaccurate times.
  • Supply counts are checked every 10 seconds.